Connexion

Rampage vs Condors

Created - 1 novembre 2023 at 05:48

Goals
1 2 3 T
Rampage 2 0 3 5
Condors 0 1 2 3
Shots
1 2 3 T
Rampage 7 7 15 29
Condors 6 14 16 36

GoalsPenalties
1st period
1. Rampage , Matt Martin 8 (Robert Hagg 18, Joey Anderson 19) at 0:16
2. Rampage , Steven Kampfer 6 (Joseph Labate 12, Michael Sgarbossa 20) at 11:50
Steven Kampfer (SAN) for Hooking (Minor) at 2:40
Seth Barton (BAK) for Holding (Minor) at 3:03
2nd period
3. Condors , Taylor Cammarata 8 (Pascal Laberge 2, Marcus Vela 14) at 12:58
Marc McNulty (BAK) for Hooking (Minor) at 3:55
Nick Sorensen (BAK) for Hooking (Minor) at 6:03
Sam Carrick (SAN) for Roughing (Minor) at 14:39
Robert Hagg (SAN) for Charging (Minor) at 18:01
3rd period
4. Rampage , Joey Anderson 14 (Curtis McKenzie 11, Matt Martin 19) at 9:03
5. Rampage , Jayson Megna 10 (Johnny Kovacevic 10, Steven Kampfer 13) at 11:31
6. Condors , Anthony Camara 11 (Joachim Blichfeld 17, Connor Bunnaman 21) at 13:30 (PP)
7. Condors , Matt Filipe 18 (Brady Brassart 3, Brett Pollock 12) at 14:47
8. Rampage , Curtis McKenzie 11 (Joey Anderson 20, Nick Holden 15) at 15:40 (PP)
Matt Martin (SAN) for Hooking (Minor) at 0:11
Nick Ritchie (SAN) for Holding (Minor) at 3:12
Erik Gudbranson (SAN) for Hooking (Minor) at 13:02
Marc McNulty (BAK) for Tripping (Minor) at 15:10
Goalie Stats
Adam Werner (SAN), 33 saves from 36 shots - (0,917), W, 9-11-2, 60:00 minutes
Kyle Keyser (BAK), 24 saves from 29 shots - (0,828), L, 14-14-1, 60:00 minutes
3 StarsOfficial
1 - Joey Anderson (SAN)
2 - Curtis McKenzie (SAN)
3 - Matt Martin (SAN)
Referees : Kyle Rehman and Steve Kozari
Linesman : Greg Devorski and Derek Nansen
Game Note
Seth Barton is injured at 4:24 of 2nd period (Sprained Right Finger)
Finance
Level 1 -- Attendance: 1074 (53,70%) -- Ticket Income 53 700 $
Level 2 -- Attendance: 777 (77,70%) -- Ticket Income 17 094 $
Total Attendance: 1851 (61,70%)
Total Ticket Income: 70 794 $
Other Income: 14 159 $
Total Income: 84 953 $



Team Name Goals Shots Shots Attemp Shots Blocked PIM HIT PP PK FO%
Rampage 529651012261 / 4 (25%)144%
Condors 33660108111 / 6 (17%)156%

Rampage
Player Name POS G A P +/- PIM HIT SHT SB MP PP MP PP SHT PK MP PK SHT FO% FOT
Curtis McKenzieLW1121024019:482:2522:17033% 3
Dmytro TimashovLW000002008:080:0000:000100% 1
Eric CornelC/RW000000018:170:0000:09029% 7
Erik Gudbranson D0000231121:272:4813:2700% 0
Hudson FaschingRW0000004021:322:0325:5800% 3
Jayson MegnaRW1011005010:000:2300:0000% 0
Joey AndersonRW1231003024:102:2506:15050% 18
Johnny KovacevicD0112010013:120:0000:0000% 0
Joseph LabateLW0110041014:572:2600:0000% 3
Josh BrownD0000020325:082:0305:0800% 0
Josh LeivoRW000000008:080:0000:0000% 0
Matt MartinC/LW/RW1121241019:152:2501:45046% 24
Michael SgarbossaC0110002014:572:2600:00050% 20
Nick HoldenD0110010221:582:4803:5700% 0
Nick RitchieLW0001222010:460:0001:100100% 1
Robert HaggD0110232223:492:0313:5010% 0
Sam CarrickC000121309:360:0000:00044% 9
Steven KampferD1122211114:230:0001:1200% 0
Condors
Player Name POS G A P +/- PIM HIT SHT SB MP PP MP PP SHT PK MP PK SHT FO% FOT
Anthony CamaraLW/RW101-3053021:204:5611:270100% 1
Brady Brassart C/RW0111002017:033:5110:0000% 0
Brett PollockLW/RW0111003017:033:5100:0000% 1
Connor BunnamanC/LW011-3003023:234:5612:54053% 32
Joachim BlichfeldLW/RW011-3006023:374:5613:08044% 9
Julius NattinenC/LW/RW000000305:210:0000:0000% 0
Linus NassenD0001002321:303:4200:4500% 0
Marc McNultyD000-2430223:304:5801:4900% 0
Marcus DavidssonC/LW/RW000-100007:360:1000:10033% 3
Marcus VelaC0110001012:040:0000:00064% 14
Matt FilipeC/LW1010013019:423:5101:27064% 28
Michael BrodzinskiD0001010422:353:1102:1800% 0
Mike CallahanD000-2005121:164:0242:2100% 0
Nick SorensenRW000020005:200:0000:0000% 0
Pascal LabergeC/LW/RW0110002012:220:0000:3600% 1
Seth BartonD000020007:100:2200:0700% 0
Simon FernholmD0000010020:361:0802:2200% 0
Taylor CammarataC/LW1010003012:010:0000:0000% 0



Play-by-Play

1st period


0:01 of 1st period - Matt Martin wins face-off versus Connor Bunnaman in neutral zone.
0:16 of 1st period - Shot by Matt Martin.
0:16 of 1st period - Goal by Matt Martin - Rampage : 1 - Condors : 0.
0:17 of 1st period - Matt Filipe wins face-off versus Joseph Labate in neutral zone.
0:17 of 1st period - Matt Filipe is hit by Joseph Labate.
1:33 of 1st period - Icing by Marcus Vela.
1:34 of 1st period - Marcus Vela wins face-off versus Matt Martin in Condors zone.
2:13 of 1st period - Shot by Curtis McKenzie.
2:13 of 1st period - Stopped by Kyle Keyser without a rebound.
2:14 of 1st period - Connor Bunnaman wins face-off versus Eric Cornel in Condors zone.
2:27 of 1st period - Icing by Steven Kampfer.
2:28 of 1st period - Marcus Davidsson wins face-off versus Eric Cornel in Rampage zone.
2:40 of 1st period - Minor Penalty to Steven Kampfer for Hooking.
2:41 of 1st period - Connor Bunnaman wins face-off versus Joey Anderson in Rampage zone.
3:03 of 1st period - Minor Penalty to Seth Barton for Holding.
3:04 of 1st period - Joey Anderson wins face-off versus Joachim Blichfeld in Condors zone.
4:03 of 1st period - Shot by Anthony Camara.
4:03 of 1st period - Stopped by Adam Werner without a rebound.
4:04 of 1st period - Matt Martin wins face-off versus Joachim Blichfeld in Rampage zone.
4:15 of 1st period - Shot by Matt Martin.
4:15 of 1st period - Shot Misses the Net.
4:31 of 1st period - Shot by Connor Bunnaman.
4:31 of 1st period - Stopped by Adam Werner without a rebound.
4:32 of 1st period - Matt Filipe wins face-off versus Matt Martin in Rampage zone.
5:05 of 1st period - Shot by Josh Leivo.
5:05 of 1st period - Shot Blocked by Linus Nassen.
5:07 of 1st period - Shot by Steven Kampfer.
5:07 of 1st period - Shot Misses the Net.
5:09 of 1st period - Shot by Dmytro Timashov.
5:09 of 1st period - Shot Misses the Net.
5:43 of 1st period - Shot by Eric Cornel.
5:43 of 1st period - Shot Blocked by Linus Nassen.
6:09 of 1st period - Shot by Joey Anderson.
6:09 of 1st period - Stopped by Kyle Keyser without a rebound.
6:10 of 1st period - Connor Bunnaman wins face-off versus Hudson Fasching in Condors zone.
6:42 of 1st period - Icing by Anthony Camara.
6:43 of 1st period - Connor Bunnaman wins face-off versus Matt Martin in Condors zone.
6:45 of 1st period - Icing by Joachim Blichfeld.
6:46 of 1st period - Joey Anderson wins face-off versus Connor Bunnaman in Condors zone.
6:47 of 1st period - Shot by Curtis McKenzie.
6:47 of 1st period - Shot Blocked by Marc McNulty.
7:35 of 1st period - Shot by Brett Pollock.
7:35 of 1st period - Shot Blocked by Robert Hagg.
7:37 of 1st period - Shot by Matt Filipe.
7:37 of 1st period - Shot Blocked by Robert Hagg.
10:21 of 1st period - Shot by Jayson Megna.
10:21 of 1st period - Shot Misses the Net.
10:24 of 1st period - Icing by Linus Nassen.
10:25 of 1st period - Eric Cornel wins face-off versus Matt Filipe in Condors zone.
10:41 of 1st period - Shot by Linus Nassen.
10:41 of 1st period - Stopped by Adam Werner without a rebound.
10:42 of 1st period - Nick Ritchie wins face-off versus Marcus Vela in Rampage zone.
11:48 of 1st period - Shot by Joseph Labate.
11:48 of 1st period - Stopped by Kyle Keyser with a rebound.
11:50 of 1st period - Shot by Steven Kampfer.
11:50 of 1st period - Goal by Steven Kampfer - Rampage : 2 - Condors : 0.
11:51 of 1st period - Matt Filipe wins face-off versus Eric Cornel in neutral zone.
12:11 of 1st period - Shot by Matt Filipe.
12:11 of 1st period - Stopped by Adam Werner without a rebound.
12:12 of 1st period - Michael Sgarbossa wins face-off versus Connor Bunnaman in Rampage zone.
12:16 of 1st period - Hudson Fasching is hit by Marc McNulty and loses puck.
12:38 of 1st period - Icing by Robert Hagg.
12:39 of 1st period - Matt Filipe wins face-off versus Michael Sgarbossa in Rampage zone.
13:04 of 1st period - Brett Pollock is hit by Erik Gudbranson and loses puck.
13:41 of 1st period - Shot by Matt Martin.
13:41 of 1st period - Shot Misses the Net.
14:23 of 1st period - Shot by Nick Ritchie.
14:23 of 1st period - Stopped by Kyle Keyser without a rebound.
14:24 of 1st period - Marcus Vela wins face-off versus Michael Sgarbossa in Condors zone.
14:24 of 1st period - Marcus Vela is hit by Joseph Labate.
15:27 of 1st period - Shot by Julius Nattinen.
15:27 of 1st period - Stopped by Adam Werner without a rebound.
15:28 of 1st period - Matt Filipe wins face-off versus Joey Anderson in Rampage zone.
15:49 of 1st period - Shot by Brett Pollock.
15:49 of 1st period - Stopped by Adam Werner without a rebound.
15:50 of 1st period - Connor Bunnaman wins face-off versus Sam Carrick in Rampage zone.
15:50 of 1st period - Connor Bunnaman is hit by Steven Kampfer.
16:00 of 1st period - Shot by Joachim Blichfeld.
16:00 of 1st period - Shot Misses the Net.
16:09 of 1st period - Joachim Blichfeld is hit by Johnny Kovacevic.
16:26 of 1st period - Icing by Simon Fernholm.
16:27 of 1st period - Matt Martin wins face-off versus Connor Bunnaman in Condors zone.
16:45 of 1st period - Simon Fernholm is hit by Curtis McKenzie and loses puck.
17:03 of 1st period - Icing by Marc McNulty.
17:04 of 1st period - Matt Filipe wins face-off versus Michael Sgarbossa in Condors zone.
17:08 of 1st period - Marc McNulty is hit by Josh Brown and loses puck.
17:33 of 1st period - Shot by Hudson Fasching.
17:33 of 1st period - Shot Misses the Net.
18:05 of 1st period - Shot by Sam Carrick.
18:05 of 1st period - Stopped by Kyle Keyser without a rebound.
18:06 of 1st period - Marcus Vela wins face-off versus Matt Martin in Condors zone.
18:16 of 1st period - Icing by Michael Brodzinski.
18:17 of 1st period - Sam Carrick wins face-off versus Marcus Vela in Condors zone.
18:33 of 1st period - Icing by Taylor Cammarata.
18:34 of 1st period - Marcus Vela wins face-off versus Matt Martin in Condors zone.
19:07 of 1st period - Marcus Vela is hit by Matt Martin and loses puck.
19:29 of 1st period - Icing by Simon Fernholm.
19:30 of 1st period - Connor Bunnaman wins face-off versus Joseph Labate in Condors zone.
19:59 of 1st period - Icing by Joachim Blichfeld.
Goals for this period are 2 for Rampage vs 0 for Condors.
Shots for this period are 7 for Rampage vs 6 for Condors.

2nd period


0:01 of 2nd period - Matt Martin wins face-off versus Connor Bunnaman in neutral zone.
0:22 of 2nd period - Shot by Mike Callahan.
0:22 of 2nd period - Deflect By Joachim Blichfeld.
0:22 of 2nd period - Stopped by Adam Werner without a rebound.
0:23 of 2nd period - Michael Sgarbossa wins face-off versus Matt Filipe in Rampage zone.
0:42 of 2nd period - Shot by Joseph Labate.
0:42 of 2nd period - Shot Misses the Net.
1:02 of 2nd period - Shot by Hudson Fasching.
1:02 of 2nd period - Stopped by Kyle Keyser without a rebound.
1:03 of 2nd period - Connor Bunnaman wins face-off versus Matt Martin in Condors zone.
1:30 of 2nd period - Icing by Josh Brown.
1:31 of 2nd period - Marcus Vela wins face-off versus Curtis McKenzie in Rampage zone.
1:39 of 2nd period - Icing by Robert Hagg.
1:40 of 2nd period - Matt Filipe wins face-off versus Curtis McKenzie in Rampage zone.
1:56 of 2nd period - Icing by Simon Fernholm.
1:57 of 2nd period - Sam Carrick wins face-off versus Brett Pollock in Condors zone.
3:10 of 2nd period - Off-side.
3:11 of 2nd period - Matt Martin wins face-off versus Marcus Vela in neutral zone.
3:32 of 2nd period - Shot by Taylor Cammarata.
3:32 of 2nd period - Shot Misses the Net.
3:42 of 2nd period - Shot by Pascal Laberge.
3:42 of 2nd period - Stopped by Adam Werner without a rebound.
3:43 of 2nd period - Michael Sgarbossa wins face-off versus Connor Bunnaman in Rampage zone.
3:55 of 2nd period - Minor Penalty to Marc McNulty for Hooking.
3:56 of 2nd period - Joachim Blichfeld wins face-off versus Michael Sgarbossa in Condors zone.
4:03 of 2nd period - Shot by Robert Hagg.
4:03 of 2nd period - Shot Blocked by Mike Callahan.
4:05 of 2nd period - Shot by Joseph Labate.
4:05 of 2nd period - Shot Misses the Net.
4:23 of 2nd period - Seth Barton is hit by Joseph Labate and loses puck.
4:24 of 2nd period - Seth Barton from Condors is injured at 4:24 of 2nd period (Sprained Right Finger).
4:25 of 2nd period - Joachim Blichfeld wins face-off versus Matt Martin in Condors zone.
4:25 of 2nd period - Joachim Blichfeld is hit by Matt Martin.
5:19 of 2nd period - Shot by Hudson Fasching.
5:19 of 2nd period - Stopped by Kyle Keyser without a rebound.
5:20 of 2nd period - Michael Sgarbossa wins face-off versus Joachim Blichfeld in Condors zone.
5:30 of 2nd period - Robert Hagg is hit by Simon Fernholm and loses puck.
5:33 of 2nd period - Shot by Josh Brown.
5:33 of 2nd period - Shot Blocked by Michael Brodzinski.
5:50 of 2nd period - Off-side.
5:51 of 2nd period - Matt Filipe wins face-off versus Joey Anderson in neutral zone.
6:03 of 2nd period - Minor Penalty to Nick Sorensen for Hooking.
6:04 of 2nd period - Joachim Blichfeld wins face-off versus Matt Martin in Condors zone.
6:04 of 2nd period - Joachim Blichfeld is hit by Curtis McKenzie.
6:16 of 2nd period - Shot by Nick Holden.
6:16 of 2nd period - Shot Blocked by Michael Brodzinski.
6:27 of 2nd period - Shot by Matt Martin.
6:27 of 2nd period - Shot Misses the Net.
6:29 of 2nd period - Shot by Joey Anderson.
6:29 of 2nd period - Shot Misses the Net.
6:31 of 2nd period - Shot by Curtis McKenzie.
6:31 of 2nd period - Shot Misses the Net.
6:33 of 2nd period - Shot by Erik Gudbranson .
6:33 of 2nd period - Stopped by Kyle Keyser with a rebound.
6:35 of 2nd period - Shot by Matt Martin.
6:35 of 2nd period - Shot Misses the Net.
6:41 of 2nd period - Shot by Joey Anderson.
6:41 of 2nd period - Shot Blocked by Michael Brodzinski.
6:43 of 2nd period - Shot by Matt Martin.
6:43 of 2nd period - Shot Misses the Net.
7:00 of 2nd period - Off-side.
7:01 of 2nd period - Michael Sgarbossa wins face-off versus Matt Filipe in neutral zone.
7:04 of 2nd period - Shot by Robert Hagg.
7:04 of 2nd period - Stopped by Kyle Keyser without a rebound.
7:05 of 2nd period - Anthony Camara wins face-off versus Michael Sgarbossa in Condors zone.
7:30 of 2nd period - Shot by Hudson Fasching.
7:30 of 2nd period - Stopped by Kyle Keyser without a rebound.
7:31 of 2nd period - Matt Martin wins face-off versus Joachim Blichfeld in Condors zone.
7:50 of 2nd period - Shot by Curtis McKenzie.
7:50 of 2nd period - Stopped by Kyle Keyser without a rebound.
7:51 of 2nd period - Michael Sgarbossa wins face-off versus Joachim Blichfeld in Condors zone.
8:09 of 2nd period - Icing by Marcus Vela.
8:10 of 2nd period - Marcus Vela wins face-off versus Sam Carrick in Condors zone.
8:10 of 2nd period - Taylor Cammarata is hit by Nick Ritchie and loses puck.
8:22 of 2nd period - Marcus Vela is hit by Robert Hagg and loses puck.
8:32 of 2nd period - Pascal Laberge is hit by Robert Hagg and loses puck.
8:41 of 2nd period - Shot by Jayson Megna.
8:41 of 2nd period - Shot Misses the Net.
8:43 of 2nd period - Shot by Jayson Megna.
8:43 of 2nd period - Stopped by Kyle Keyser without a rebound.
8:44 of 2nd period - Matt Filipe wins face-off versus Matt Martin in Condors zone.
8:48 of 2nd period - Matt Filipe is hit by Nick Holden and loses puck.
9:09 of 2nd period - Icing by Matt Filipe.
9:10 of 2nd period - Matt Filipe wins face-off versus Michael Sgarbossa in Condors zone.
9:10 of 2nd period - Brett Pollock is hit by Joseph Labate and loses puck.
10:15 of 2nd period - Robert Hagg is hit by Anthony Camara and loses puck.
11:21 of 2nd period - Pascal Laberge is hit by Erik Gudbranson and loses puck.
11:32 of 2nd period - Shot by Matt Filipe.
11:32 of 2nd period - Shot Blocked by Nick Holden.
11:38 of 2nd period - Shot by Brett Pollock.
11:38 of 2nd period - Stopped by Adam Werner with a rebound.
11:40 of 2nd period - Shot by Matt Filipe.
11:40 of 2nd period - Shot Misses the Net.
12:32 of 2nd period - Shot by Julius Nattinen.
12:32 of 2nd period - Stopped by Adam Werner with a rebound.
12:34 of 2nd period - Shot by Mike Callahan.
12:34 of 2nd period - Stopped by Adam Werner without a rebound.
12:35 of 2nd period - Marcus Vela wins face-off versus Hudson Fasching in Rampage zone.
12:50 of 2nd period - Shot by Marcus Vela.
12:50 of 2nd period - Shot Misses the Net.
12:52 of 2nd period - Shot by Taylor Cammarata.
12:52 of 2nd period - Shot Misses the Net.
12:54 of 2nd period - Shot by Marcus Vela.
12:54 of 2nd period - Stopped by Adam Werner with a rebound.
12:56 of 2nd period - Shot by Pascal Laberge.
12:56 of 2nd period - Shot Misses the Net.
12:58 of 2nd period - Shot by Taylor Cammarata.
12:58 of 2nd period - Goal by Taylor Cammarata - Rampage : 2 - Condors : 1.
12:59 of 2nd period - Connor Bunnaman wins face-off versus Matt Martin in neutral zone.
13:34 of 2nd period - Curtis McKenzie is hit by Marc McNulty.
14:22 of 2nd period - Icing by Brett Pollock.
14:23 of 2nd period - Sam Carrick wins face-off versus Matt Filipe in Condors zone.
14:39 of 2nd period - Minor Penalty to Sam Carrick for Roughing.
14:40 of 2nd period - Joey Anderson wins face-off versus Connor Bunnaman in Rampage zone.
14:49 of 2nd period - Shot by Connor Bunnaman.
14:49 of 2nd period - Stopped by Adam Werner without a rebound.
14:50 of 2nd period - Matt Filipe wins face-off versus Hudson Fasching in Rampage zone.
14:51 of 2nd period - Shot by Mike Callahan.
14:51 of 2nd period - Stopped by Adam Werner with a rebound.
14:53 of 2nd period - Shot by Mike Callahan.
14:53 of 2nd period - Stopped by Adam Werner without a rebound.
14:54 of 2nd period - Matt Filipe wins face-off versus Joey Anderson in Rampage zone.
14:55 of 2nd period - Shot by Mike Callahan.
14:55 of 2nd period - Stopped by Adam Werner without a rebound.
14:56 of 2nd period - Matt Filipe wins face-off versus Joey Anderson in Rampage zone.
14:56 of 2nd period - Matt Filipe is hit by Josh Brown.
15:14 of 2nd period - Shot by Hudson Fasching.
15:14 of 2nd period - Deflect By Joey Anderson.
15:14 of 2nd period - Shot Misses the Net.
16:44 of 2nd period - Shot by Taylor Cammarata.
16:44 of 2nd period - Stopped by Adam Werner with a rebound.
17:17 of 2nd period - Shot by Dmytro Timashov.
17:17 of 2nd period - Shot Misses the Net.
17:48 of 2nd period - Icing by Anthony Camara.
17:49 of 2nd period - Matt Martin wins face-off versus Connor Bunnaman in Condors zone.
18:01 of 2nd period - Minor Penalty to Robert Hagg for Charging.
18:02 of 2nd period - Joey Anderson wins face-off versus Connor Bunnaman in Rampage zone.
18:25 of 2nd period - Shot by Joachim Blichfeld.
18:25 of 2nd period - Stopped by Adam Werner without a rebound.
18:26 of 2nd period - Joey Anderson wins face-off versus Matt Filipe in Rampage zone.
18:50 of 2nd period - Shot by Simon Fernholm.
18:50 of 2nd period - Shot Blocked by Josh Brown.
18:52 of 2nd period - Shot by Brady Brassart .
18:52 of 2nd period - Stopped by Adam Werner without a rebound.
18:53 of 2nd period - Connor Bunnaman wins face-off versus Matt Martin in Rampage zone.
19:15 of 2nd period - Icing by Michael Brodzinski.
19:16 of 2nd period - Curtis McKenzie wins face-off versus Connor Bunnaman in Condors zone.
19:30 of 2nd period - Off-side.
19:31 of 2nd period - Matt Filipe wins face-off versus Joey Anderson in neutral zone.
19:36 of 2nd period - Shot by Mike Callahan.
19:36 of 2nd period - Shot Misses the Net.
Goals for this period are 0 for Rampage vs 1 for Condors.
Shots for this period are 7 for Rampage vs 14 for Condors.

3rd period


0:01 of 3rd period - Joey Anderson wins face-off versus Matt Filipe in neutral zone.
0:09 of 3rd period - Matt Filipe is hit by Matt Martin and loses puck.
0:11 of 3rd period - Minor Penalty to Matt Martin for Hooking.
0:12 of 3rd period - Connor Bunnaman wins face-off versus Joey Anderson in Rampage zone.
0:40 of 3rd period - Icing by Connor Bunnaman.
0:41 of 3rd period - Connor Bunnaman wins face-off versus Joey Anderson in Condors zone.
2:25 of 3rd period - Icing by Johnny Kovacevic.
2:26 of 3rd period - Marcus Vela wins face-off versus Eric Cornel in Rampage zone.
2:38 of 3rd period - Johnny Kovacevic is hit by Michael Brodzinski and loses puck.
3:12 of 3rd period - Minor Penalty to Nick Ritchie for Holding.
3:13 of 3rd period - Joey Anderson wins face-off versus Connor Bunnaman in Rampage zone.
3:13 of 3rd period - Joey Anderson is hit by Anthony Camara.
3:24 of 3rd period - Off-side.
3:25 of 3rd period - Joey Anderson wins face-off versus Matt Filipe in neutral zone.
3:53 of 3rd period - Shot by Mike Callahan.
3:53 of 3rd period - Shot Misses the Net.
3:55 of 3rd period - Shot by Mike Callahan.
3:55 of 3rd period - Stopped by Adam Werner without a rebound.
3:56 of 3rd period - Matt Martin wins face-off versus Connor Bunnaman in Rampage zone.
3:56 of 3rd period - Matt Martin is hit by Anthony Camara.
4:56 of 3rd period - Shot by Joey Anderson.
4:56 of 3rd period - Deflect By Matt Martin.
4:56 of 3rd period - Shot Misses the Net.
4:58 of 3rd period - Shot by Robert Hagg.
4:58 of 3rd period - Shot Misses the Net.
5:00 of 3rd period - Shot by Joey Anderson.
5:00 of 3rd period - Shot Misses the Net.
5:02 of 3rd period - Shot by Robert Hagg.
5:02 of 3rd period - Stopped by Kyle Keyser without a rebound.
5:03 of 3rd period - Eric Cornel wins face-off versus Matt Filipe in Condors zone.
5:41 of 3rd period - Shot by Julius Nattinen.
5:41 of 3rd period - Stopped by Adam Werner with a rebound.
6:00 of 3rd period - Shot by Matt Filipe.
6:00 of 3rd period - Stopped by Adam Werner without a rebound.
6:01 of 3rd period - Dmytro Timashov wins face-off versus Pascal Laberge in Rampage zone.
6:26 of 3rd period - Shot by Dmytro Timashov.
6:26 of 3rd period - Shot Misses the Net.
7:03 of 3rd period - Shot by Matt Filipe.
7:03 of 3rd period - Shot Blocked by Eric Cornel.
7:53 of 3rd period - Simon Fernholm is hit by Dmytro Timashov and loses puck.
8:06 of 3rd period - Nick Sorensen is hit by Dmytro Timashov and loses puck.
8:13 of 3rd period - Shot by Marcus Davidsson.
8:13 of 3rd period - Shot Blocked by Josh Brown.
8:15 of 3rd period - Shot by Marcus Davidsson.
8:15 of 3rd period - Shot Misses the Net.
8:34 of 3rd period - Matt Filipe is hit by Erik Gudbranson and loses puck.
9:01 of 3rd period - Shot by Matt Martin.
9:01 of 3rd period - Deflect By Joey Anderson.
9:01 of 3rd period - Shot Hit the Post.
9:03 of 3rd period - Shot by Curtis McKenzie.
9:03 of 3rd period - Deflect By Joey Anderson.
9:03 of 3rd period - Goal by Joey Anderson - Rampage : 3 - Condors : 1.
9:04 of 3rd period - Connor Bunnaman wins face-off versus Michael Sgarbossa in neutral zone.
9:07 of 3rd period - Shot by Joachim Blichfeld.
9:07 of 3rd period - Stopped by Adam Werner with a rebound.
9:09 of 3rd period - Shot by Connor Bunnaman.
9:09 of 3rd period - Stopped by Adam Werner without a rebound.
9:10 of 3rd period - Michael Sgarbossa wins face-off versus Connor Bunnaman in Rampage zone.
9:27 of 3rd period - Shot by Connor Bunnaman.
9:27 of 3rd period - Shot Misses the Net.
9:29 of 3rd period - Shot by Anthony Camara.
9:29 of 3rd period - Stopped by Adam Werner without a rebound.
9:30 of 3rd period - Matt Martin wins face-off versus Matt Filipe in Rampage zone.
9:35 of 3rd period - Shot by Nick Holden.
9:35 of 3rd period - Shot Misses the Net.
9:45 of 3rd period - Shot by Brett Pollock.
9:45 of 3rd period - Stopped by Adam Werner without a rebound.
9:46 of 3rd period - Connor Bunnaman wins face-off versus Michael Sgarbossa in Rampage zone.
9:49 of 3rd period - Shot by Joachim Blichfeld.
9:49 of 3rd period - Shot Blocked by Steven Kampfer.
9:51 of 3rd period - Shot by Joachim Blichfeld.
9:51 of 3rd period - Shot Misses the Net.
9:53 of 3rd period - Shot by Connor Bunnaman.
9:53 of 3rd period - Deflect By Joachim Blichfeld.
9:53 of 3rd period - Stopped by Adam Werner with a rebound.
9:55 of 3rd period - Shot by Joachim Blichfeld.
9:55 of 3rd period - Stopped by Adam Werner with a rebound.
9:57 of 3rd period - Shot by Anthony Camara.
9:57 of 3rd period - Shot Misses the Net.
10:02 of 3rd period - Icing by Johnny Kovacevic.
10:03 of 3rd period - Michael Sgarbossa wins face-off versus Matt Filipe in Rampage zone.
10:23 of 3rd period - Shot by Hudson Fasching.
10:23 of 3rd period - Shot Misses the Net.
10:25 of 3rd period - Shot by Michael Sgarbossa.
10:25 of 3rd period - Stopped by Kyle Keyser with a rebound.
10:27 of 3rd period - Shot by Johnny Kovacevic.
10:27 of 3rd period - Shot Blocked by Linus Nassen.
10:29 of 3rd period - Shot by Hudson Fasching.
10:29 of 3rd period - Stopped by Kyle Keyser without a rebound.
10:30 of 3rd period - Joey Anderson wins face-off versus Connor Bunnaman in Condors zone.
11:29 of 3rd period - Shot by Jayson Megna.
11:29 of 3rd period - Stopped by Kyle Keyser with a rebound.
11:31 of 3rd period - Shot by Jayson Megna.
11:31 of 3rd period - Goal by Jayson Megna - Rampage : 4 - Condors : 1.
11:32 of 3rd period - Matt Filipe wins face-off versus Michael Sgarbossa in neutral zone.
11:44 of 3rd period - Brett Pollock is hit by Robert Hagg and loses puck.
11:51 of 3rd period - Shot by Hudson Fasching.
11:51 of 3rd period - Shot Blocked by Michael Brodzinski.
11:53 of 3rd period - Shot by Joseph Labate.
11:53 of 3rd period - Shot Misses the Net.
12:03 of 3rd period - Shot by Michael Sgarbossa.
12:03 of 3rd period - Stopped by Kyle Keyser without a rebound.
12:04 of 3rd period - Sam Carrick wins face-off versus Marcus Vela in Condors zone.
12:07 of 3rd period - Shot by Sam Carrick.
12:07 of 3rd period - Stopped by Kyle Keyser with a rebound.
12:09 of 3rd period - Shot by Jayson Megna.
12:09 of 3rd period - Shot Misses the Net.
12:11 of 3rd period - Shot by Nick Ritchie.
12:11 of 3rd period - Stopped by Kyle Keyser with a rebound.
12:13 of 3rd period - Shot by Jayson Megna.
12:13 of 3rd period - Stopped by Kyle Keyser with a rebound.
12:35 of 3rd period - Shot by Sam Carrick.
12:35 of 3rd period - Stopped by Kyle Keyser without a rebound.
12:36 of 3rd period - Matt Martin wins face-off versus Marcus Davidsson in Condors zone.
12:42 of 3rd period - Curtis McKenzie is hit by Marc McNulty and loses puck.
12:50 of 3rd period - Michael Brodzinski is hit by Matt Martin and loses puck.
13:02 of 3rd period - Minor Penalty to Erik Gudbranson for Hooking.
13:03 of 3rd period - Connor Bunnaman wins face-off versus Joey Anderson in Rampage zone.
13:30 of 3rd period - Shot by Anthony Camara.
13:30 of 3rd period - Goal by Anthony Camara - Rampage : 4 - Condors : 2.
13:31 of 3rd period - Matt Filipe wins face-off versus Sam Carrick in neutral zone.
13:31 of 3rd period - Mike Callahan is hit by Sam Carrick and loses puck.
13:42 of 3rd period - Shot by Jayson Megna.
13:42 of 3rd period - Stopped by Kyle Keyser without a rebound.
13:43 of 3rd period - Marcus Vela wins face-off versus Eric Cornel in Condors zone.
14:05 of 3rd period - Shot by Pascal Laberge.
14:05 of 3rd period - Stopped by Adam Werner without a rebound.
14:06 of 3rd period - Connor Bunnaman wins face-off versus Joseph Labate in Rampage zone.
14:19 of 3rd period - Shot by Joachim Blichfeld.
14:19 of 3rd period - Shot Blocked by Josh Brown.
14:21 of 3rd period - Shot by Connor Bunnaman.
14:21 of 3rd period - Deflect By Joachim Blichfeld.
14:21 of 3rd period - Stopped by Adam Werner without a rebound.
14:22 of 3rd period - Matt Filipe wins face-off versus Matt Martin in Rampage zone.
14:45 of 3rd period - Shot by Brady Brassart .
14:45 of 3rd period - Stopped by Adam Werner with a rebound.
14:47 of 3rd period - Shot by Matt Filipe.
14:47 of 3rd period - Goal by Matt Filipe - Rampage : 4 - Condors : 3.
14:48 of 3rd period - Michael Sgarbossa wins face-off versus Connor Bunnaman in neutral zone.
15:10 of 3rd period - Minor Penalty to Marc McNulty for Tripping.
15:11 of 3rd period - Joachim Blichfeld wins face-off versus Matt Martin in Condors zone.
15:40 of 3rd period - Shot by Curtis McKenzie.
15:40 of 3rd period - Goal by Curtis McKenzie - Rampage : 5 - Condors : 3.
15:41 of 3rd period - Matt Filipe wins face-off versus Michael Sgarbossa in neutral zone.
15:44 of 3rd period - Hudson Fasching is hit by Matt Filipe and loses puck.
16:49 of 3rd period - Shot by Taylor Cammarata.
16:49 of 3rd period - Stopped by Adam Werner with a rebound.
16:51 of 3rd period - Shot by Taylor Cammarata.
16:51 of 3rd period - Shot Blocked by Nick Holden.
16:55 of 3rd period - Shot by Marcus Vela.
16:55 of 3rd period - Shot Blocked by Erik Gudbranson .
16:57 of 3rd period - Shot by Linus Nassen.
16:57 of 3rd period - Stopped by Adam Werner without a rebound.
16:58 of 3rd period - Connor Bunnaman wins face-off versus Sam Carrick in Rampage zone.
17:03 of 3rd period - Shot by Joachim Blichfeld.
17:03 of 3rd period - Shot Misses the Net.
17:08 of 3rd period - Off-side.
17:09 of 3rd period - Matt Martin wins face-off versus Marcus Davidsson in neutral zone.
17:19 of 3rd period - Shot by Curtis McKenzie.
17:19 of 3rd period - Shot Blocked by Marc McNulty.
17:21 of 3rd period - Shot by Joey Anderson.
17:21 of 3rd period - Stopped by Kyle Keyser without a rebound.
17:22 of 3rd period - Connor Bunnaman wins face-off versus Sam Carrick in Condors zone.
17:22 of 3rd period - Connor Bunnaman is hit by Nick Ritchie.
17:28 of 3rd period - Johnny Kovacevic is hit by Anthony Camara and loses puck.
18:27 of 3rd period - Shot by Matt Filipe.
18:27 of 3rd period - Shot Misses the Net.
18:53 of 3rd period - Shot by Joey Anderson.
18:53 of 3rd period - Shot Misses the Net.
18:55 of 3rd period - Shot by Curtis McKenzie.
18:55 of 3rd period - Stopped by Kyle Keyser without a rebound.
18:56 of 3rd period - Michael Sgarbossa wins face-off versus Marcus Vela in Condors zone.
19:52 of 3rd period - Eric Cornel is hit by Anthony Camara and loses puck.
Goals for this period are 3 for Rampage vs 2 for Condors.
Shots for this period are 15 for Rampage vs 16 for Condors.